 Dungeon Crawl Stone Soup version 0.27-a0-1525-g1038ab4fd7 (webtiles) character file.

Game seed: 4070414668179911290

1086 quinnr the Zephyrmancer (level 8, -14/41 HPs)
             Began as a Tengu Air Elementalist on July 10, 2021.
             Was an Initiate of Vehumet.
             Demolished by Duvessa (17 damage)
             ... on level 6 of the Dungeon.
             The game lasted 00:15:38 (7537 turns).

quinnr the Zephyrmancer (Tengu Air Elementalist)    Turns: 7537, Time: 00:15:39

Health: -14/41     AC:  2    Str:  8    XL:     8   Next: 30%
Magic:  2/15       EV: 15    Int: 19    God:    Vehumet [......]
Gold:   155        SH:  5    Dex: 20    Spells: 5/15 levels left

rFire    + . .     SeeInvis .   l - +1 dagger (venom)
rCold    + . .     Faith    .   p - +0 buckler
rNeg     . . .     Spirit   .   a - +0 robe
rPois    .         Reflect  .   (helmet restricted)
rElec    .         Harm     .   s - scarf {rC+ rF+}
rCorr    .         Rampage  .   (no gloves)
Will     .....                  (boots unavailable)
Stlth    +++.......             (no amulet)
HPRegen  0.13/turn              k - +6 ring of dexterity
MPRegen  0.14/turn              (no ring)

@: flying quickly and evasively, very slightly contaminated, quick
A: beak, talons 3, nimble flight
a: Renounce Religion


You were on level 6 of the Dungeon.
You worshipped Vehumet.
Vehumet was noncommittal.
You visited 2 branches of the dungeon, and saw 8 of its levels.

You collected 225 gold pieces.
You spent 70 gold pieces at shops.

Inventory:

Hand Weapons
 c - a +3 dagger
 f - a +0 hunting sling
 g - a +0 short sword of holy wrath
 l - a +1 dagger of venom (weapon)
 A - the +10 battleaxe of Dishonesty {flame, rElec Int+2 Dex+5}
   (You found it on level 6 of the Dungeon)

   It has been specially enchanted to burn those struck by it, causing extra
   injury to most foes and up to half again as much damage against particularly
   susceptible opponents.
   Big, fiery blades are also staple armaments of hydra-hunters.
   Int:       It affects your intelligence (+2).
   Dex:       It affects your dexterity (+5).
   rElec:     It insulates you from electricity.
Missiles
 i - 214 stones
 q - 3 curare-tipped darts
 y - 8 atropa-tipped darts
Armour
 a - a +0 robe (worn)
 p - a +0 buckler (worn)
 s - a scarf of resistance (worn)
Jewellery
 k - a +6 ring of dexterity (left hand)
 x - a ring of resist corrosion
Wands
 n - a wand of iceblast (7)
 r - a wand of flame (32)
Scrolls
 j - a scroll of fear
 z - a scroll of immolation
Potions
 b - a potion of brilliance {unknown}
 d - a potion of attraction {unknown}
 e - 2 potions of curing
 h - a potion of haste {unknown}
 m - a potion of heal wounds
 o - a potion of resistance {unknown}
 t - 2 potions of mutation {unknown}
 u - 3 potions of flight {unknown}
 v - 3 potions of cancellation {unknown}
 w - a potion of might


   Skills:
 - Level 2.1 Dodging
 - Level 3.0 Stealth
 + Level 3.3 Shields
 - Level 4.0 Spellcasting
 - Level 1.3 Conjurations
 + Level 10.4 Air Magic
 - Level 1.0 Evocations


You had 5 spell levels left.
You knew the following spells:

 Your Spells              Type           Power      Damage    Failure   Level
a - Shock                 Conj/Air       100%       1d9       1%          1
b - Airstrike             Air            21%        N/A       1%          4
c - Lightning Bolt        Conj/Air       13%        1d26      34%         5

Your spell library contained the following spells:

 Spells                   Type           Power      Damage    Failure   Level
 Static Discharge         Conj/Air       26%        N/A       1%          2
 Swiftness                Air            43%        N/A       1%          3
 Pain                     Necr           12%        1d4       14%         1
 Sandblast                Erth           6%         2d5       14%         1
 Passwall                 Tmut/Erth      2%         N/A       22%         2
 Agony                    Necr           3%         N/A       99%         5
 Excruciating Wounds      Necr           1%         N/A       99%         5
 Lee's Rapid Deconstruct  Erth           1%         3d5*      99%         5
 Maxwell's Capacitive Co  Air            21%        ∞         100%        8


Dungeon Overview and Level Annotations

Branches:
Dungeon (7/15)             Temple (1/1) D:5

Altars:
Ashenzari
Cheibriados
Dithmenos
Elyvilon
Fedhas
Gozag
Makhleb
Nemelex Xobeh
Okawaru
Qazlal
Ru
Sif Muna
Trog
Uskayaw
Vehumet
Wu Jian
Xom
Yredelemnul
Zin
The Shining One

Shops:
D:2 !

Annotations:
D:5 2 transporters, killozap's ghost, novice GrFi
D:6 Duvessa
D:7 2 transporters, ew1980's ghost, novice TrFi


Innate Abilities, Weirdness & Mutations

You have a beak for a mouth.
You have claws for feet.
Your magical nature lets you fly swiftly and evasively.


Message History

Duvessa hits you with a +0 short sword!!
* * * LOW HITPOINT WARNING * * *
Okay, then.
You feel much better. Duvessa barely misses you.
Unknown command.
Casting: Lightning Bolt (extremely dangerous; 34% risk of failure)
Confirm with . or Enter, or press ? or * to list all spells.
Aiming: Airstrike (dangerous; 1% risk of failure)
Press: ? - help, Dir - move target, f/p - Duvessa
Aim: Duvessa, wielding a +0 short sword, wearing a +0 ring mail and carrying a wand of polymorph (7) (berserk)
The air twists around and strikes Duvessa.
Duvessa is lightly wounded.
You block Duvessa's attack. Duvessa hits you with a +0 short sword!
You feel much better. Duvessa hits you with a +0 short sword!
Unknown command.
Okay, then.
Casting: Airstrike (dangerous; 1% risk of failure)
Confirm with . or Enter, or press ? or * to list all spells.
The spell is extremely dangerous to cast (34% risk of failure)!
Continue anyway?
Aiming: Lightning Bolt (extremely dangerous; 34% risk of failure)
Press: ? - help, Shift-Dir - straight line, f/p - Duvessa
Aim: Duvessa, wielding a +0 short sword, wearing a +0 ring mail and carrying a wand of polymorph (7) (lightly wounded, berserk, 70% to hit)
You miscast Lightning Bolt.
Nothing appears to happen.
Duvessa closely misses you. Duvessa hits you with a +0 short sword!
Unknown command.
Aiming: Iceblast
Press: ? - help, Shift-Dir - straight line, p - Duvessa The mass of ice explodes!
The iceblast engulfs Duvessa!
Duvessa is moderately wounded.
You block Duvessa's attack.
Unknown command.
Unknown command.
Aiming: Iceblast
Press: ? - help, Shift-Dir - straight line The mass of ice explodes!
The iceblast engulfs Duvessa!
Duvessa is heavily wounded.
Duvessa hits you with a +0 short sword!
* * * LOW HITPOINT WARNING * * *
Duvessa hits you with a +0 short sword!
You die...

#.# ##+## #.# ###.# ##...##
#.# #...# ##.....## ##.# #..##
##.......## ##..####
###...####.........####......#
.........'.........'.......#.#
###...####.........####...## #
#..## ##.......## ........#
#..# ##....@###.######..# ##.#
##..e## # ..# #.# ##'## .# #.#
#.# .# #.# #.# #.# ##.##
#.########...##
#.............#
########......#


You could see Duvessa (berserk).

Vanquished Creatures
  A wyvern (D:7)
  A steam dragon (D:7)
  A water moccasin (D:7)
  A necrophage (D:7)
  A bullfrog (D:7)
  Dowan (D:6)
  A howler monkey (D:3)
  2 jellies
  A gnoll shaman (D:7)
  A hound (D:4)
  2 orc priests (D:5)
  2 bullfrog skeletons
  An orc wizard (D:7)
  2 adders
  6 gnolls
  An ufetubus (D:3)
  An adder skeleton (D:4)
  2 worms
  3 dart slugs
  7 orcs
  5 ball pythons
  6 bats
  3 endoplasms
  2 giant cockroaches
  9 goblins
  3 hobgoblins
  7 jackals
  3 quokkas
  A frilled lizard (D:1)
  4 kobolds
  3 rats
84 creatures vanquished.

Vanquished Creatures (collateral kills)
  A water moccasin zombie (D:5)
  A dart slug (D:5)
2 creatures vanquished.

Grand Total: 86 creatures vanquished

Notes
Turn   | Place    | Note
-------+----------+-------------------------------------------
     0 | D:1      | quinnr the Tengu Air Elementalist began the quest for the
                  | Orb.
     0 | D:1      | Reached XP level 1. HP: 10/10 MP: 4/4
   177 | D:1      | Reached XP level 2. HP: 15/15 MP: 4/6
   417 | D:1      | Reached XP level 3. HP: 17/19 MP: 0/7
   964 | D:1      | Reached skill level 5 in Air Magic
  1982 | D:2      | Found a faded altar of an unknown god.
  2212 | D:2      | Reached XP level 4. HP: 24/24 MP: 5/9
  2325 | D:2      | Found Woxtei's Distillery.
  2330 | D:2      | Bought a potion of heal wounds for 70 gold pieces
  3325 | D:3      | Reached skill level 6 in Air Magic
  3325 | D:3      | Reached skill level 1 in Evocations
  3325 | D:3      | Gained mutation: Your magical nature lets you fly swiftly
                  | and evasively. [Tengu growth]
  3325 | D:3      | Reached XP level 5. HP: 28/28 MP: 6/10
  3330 | D:3      | Learned a level 4 spell: Airstrike
  3336 | D:3      | Learned a level 5 spell: Lightning Bolt
  3989 | D:4      | Found a burning altar of Makhleb.
  3993 | D:4      | Found a shadowy altar of Dithmenos.
  3993 | D:4      | Found a glowing golden altar of the Shining One.
  4411 | D:4      | Reached skill level 7 in Air Magic
  4748 | D:4      | Reached XP level 6. HP: 32/32 MP: 4/11
  4886 | D:5      | Entered Level 5 of the Dungeon
  4886 | D:5      | Found a transporter.
  4906 | D:5      | Reached skill level 8 in Air Magic
  4941 | D:5      | Found a staircase to the Ecumenical Temple.
  4956 | Temple   | Entered the Ecumenical Temple
  5006 | Temple   | Became a worshipper of Vehumet
  5411 | D:5      | Noticed a two-headed ogre
  5413 | D:5      | Noticed killozap's ghost (novice GrFi)
  5416 | D:5      | Found a transporter.
  5681 | D:7      | Noticed a necrophage
  5702 | D:7      | Killed a necrophage
  5703 | D:7      | Reached skill level 9 in Air Magic
  5703 | D:7      | Reached XP level 7. HP: 36/36 MP: 1/12
  6060 | D:7      | HP: 3/36 [poisoned by a water moccasin]
  6126 | D:7      | Found a transporter.
  6138 | D:7      | Noticed a vampire
  6463 | D:7      | Found a transporter.
  6469 | D:7      | Noticed ew1980's ghost (novice TrFi)
  6550 | D:7      | Found an iron altar of Okawaru.
  6755 | D:7      | Noticed a wyvern
  6758 | D:7      | Killed a wyvern
  6759 | D:7      | Reached skill level 1 in Shields
  6876 | D:7      | Reached skill level 10 in Air Magic
  6876 | D:7      | Reached XP level 8. HP: 41/41 MP: 11/15
  7440 | D:6      | Identified the +10 battleaxe of Dishonesty {flame, rElec
                  | Int+2 Dex+5}
  7461 | D:6      | Noticed Dowan
  7471 | D:6      | Killed Dowan
  7527 | D:6      | Noticed Duvessa
  7537 | D:6      | HP: 3/41 [Duvessa (17)]
  7537 | D:6      | Demolished by Duvessa

Illustrated notes

Levels and vault maps discovered:
D:1:      psy_arrival_statuary, layout_basic
D:2:      layout_basic, basic_ecumenical_altar, serial_shops,
          nicolae_shop_competitors_out_of_business
D:3:      layout_loops_corners
D:4:      layout_basic, minitemple
D:5:      layout_rooms, minmay_temple_entry_drinking_statues,
          gammafunk_ghost_arena
D:6:      layout_loops_corners, nicolae_hepliaklqana_ecumenical_no_more,
          ebering_ghost_xom, uniq_duvessa
D:7:      layout_gridville, lemuel_crystal_altar, gammafunk_ghost_mausoleum,
          hangedman_abyss_or_decor_stabs
Temple:   kb_temple_of_zot

Skill      XL: |  1  2  3  4  5  6  7  8 |
---------------+-------------------------+-----
Air Magic      | 5 6 7 9 10 | 10.4
Spellcasting   | 3 4 |  4.0
Evocations     | 1 |  1.0
Stealth        | 3 |  3.0
Shields        | 2 3 |  3.3
Dodging        | |  2.1
Conjurations   | |  1.3

Action                   |  1- 3 |  4- 6 |  7- 9 || total
-------------------------+-------+-------+-------++-------
Melee: Dagger            |     4 |     9 |       ||    13
       Kick              |       |     3 |       ||     3
       Peck              |       |     1 |       ||     1
 Cast: Shock             |    86 |    67 |    52 ||   205
       Airstrike         |       |     7 |    10 ||    17
Evoke: Wand              |       |       |     2 ||     2
  Use: Scroll            |       |     6 |       ||     6
       Potion            |       |       |     4 ||     4
Armor: Robe              |     1 |     6 |       ||     7
Dodge: Dodged            |    10 |    17 |    15 ||    42
Block: Buckler           |       |       |     5 ||     5

Table legend: (Time is in decaauts)
 A = Elapsed time spent in this place.
 B = Non-inter-level travel time spent in this place.
 C = Inter-level travel time spent in this place.
 D = Time resting spent in this place.
 E = Time spent auto-exploring this place.
 F = Levels seen in this place.
 G = Mean time per level.
                   A        B        C        D        E       F      G
               +--------+--------+--------+--------+--------+-----+--------+
         Total |   7263 |   6969 |    294 |    465 |   5757 |   8 |  907.9 |
       Dungeon |   7156 |   6876 |    280 |    465 |   5668 |   7 | 1022.3 |
        Temple |    107 |     93 |     14 |      0 |     88 |   1 |  107.0 |
               +--------+--------+--------+--------+--------+-----+--------+

Top non-repeatable levels by time:
     D:7: 1594 daAuts
     D:1: 1362 daAuts
     D:2: 1258 daAuts
     D:3: 1160 daAuts
     D:4: 995 daAuts
     D:5: 511 daAuts
     D:6: 273 daAuts
  Temple: 107 daAuts
